[Event "*** Titled Tuesday Blitz"]
[Site "Chess.com"]
[Date "2021.04.06"]
[Round "5"]
[White "BvsN"]
[Black "Didici"]
[Result "0-1"]
[WhiteElo "2450"]
[BlackElo "2643"]
[TimeControl "180+1"]
[EndTime "10:57:30 PDT"]
[Termination "Didici won by resignation"]

1. c4 e6 2. Nc3 d5 3. d4 Bb4 4. a3 Bxc3+ 5. bxc3 c6 6. f3 dxc4 7. e4 b5 8. a4 a6 9. Ba3 Ne7 10. f4 Nd7 11. Nf3 O-O 12. Be2 Nf6 13. Qc2 Bb7 14. e5 Nfd5 15. Ng5 Ng6 16. Bxf8 Qxf8 17. O-O c5 18. axb5 axb5 19. Rxa8 Bxa8 20. Qd2 cxd4 21.
Qxd4 h6 22. Ne4 Ndxf4 23. Bf3 Nd3 24. Nd6 Bxf3 25. Rxf3 Ngxe5 26. Rf1 Qb8 27. Ne4 Ng4 28. g3 Qa8 29. Nd6 Qa2 30. Rf2 Qxf2+ 31. Qxf2 Ngxf2 32. Nxb5 Nd1 33. Nd6 Nxc3 34. Nxc4 Nd5 35. Ne5 Nxe5 0-1

[Event "*** Titled Tuesday Blitz"]
[Site "Chess.com"]
[Date "2021.04.06"]
[Round "5"]
[White "Ranindu2003"]
[Black "thechesscorner64"]
[Result "1-0"]
[WhiteElo "2586"]
[BlackElo "2416"]
[TimeControl "180+1"]
[EndTime "10:57:31 PDT"]
[Termination "Ranindu2003 won on time"]

1. d4 Nf6 2. Bf4 g6 3. Nc3 Bg7 4. e4 d6 5. f3 Nbd7 6. Qd2 h6 7. Be3 e5 8. O-O-O exd4 9. Bxd4 O-O 10. g4 a6 11. h4 b5 12. Be3 h5 13. Nge2 b4 14.
Nb1 Rb8 15. Nf4 hxg4 16. h5 g5 17. h6 Bh8 18. h7+ Nxh7 19. Qh2 Ndf6 20. Nd5 Bg7 21. e5 Bf5 22. exf6 Nxf6 23. Bd3 Nxd5 24. Bxf5 Re8 25. Bd4 Bxd4 26. Rxd4 Qf6 27. Rxd5 b3 28. axb3 gxf3 29.
Nd2 Kf8 30. Ne4 1-0

[Event "*** Titled Tuesday Blitz"]
[Site "Chess.com"]
[Date "2021.04.06"]
[Round "5"]
[White "xozr"]
[Black "Willhaven3"]
[Result "1-0"]
[WhiteElo "2361"]
[BlackElo "2497"]
[TimeControl "180+1"]
[EndTime "10:57:31 PDT"]
[Termination "xozr won by resignation"]

1. e4 c5 2. Nf3 Nc6 3. d4 cxd4 4. Nxd4 Nf6 5. Nc3 d6 6. Bg5 e6 7. Qd2 a6 8. O-O-O h6 9. Bxf6 Qxf6 10. Kb1 Qxd4 11.
Qxd4 Nxd4 12. Rxd4 Bd7 13. f4 Bc6 14. Be2 Be7 15. Bf3 O-O-O 16. Rhd1 Kc7 17. a3 Bf6 18.
R4d3 g5 19. f5 Be5 20. h3 h5 21. g4 hxg4 22. Bxg4 Kd7 23. fxe6+ fxe6 24. Nd5 Rh4 25. Nb6+ Ke7 26. Nc4 Bf4 27. Re1 Bb5 28. Rc3 Rc8 29. Ne3 Rxc3 30. bxc3 Rh8 31. c4 Bc6 32. Nd1 Rc8 33. Kb2 Rc7 34. Kb3 Be8 35. Nb2 Bf7 36. Nd3 e5 37. Nb2 b5 38. Be2 Be6 39. Rh1 Rb7 40.
Kc3 Be3 41. Nd1 Bd4+ 42. Kd2 bxc4 43. h4 g4 44. h5 Rc7 45. c3 Bf2 46. Nxf2 g3 47.
h6 gxf2 48. h7 Rc8 49. h8=Q Rxh8 50. Rxh8 Bg4 51. Rh2 Bxe2 52. Kxe2 Kd7 53. Rxf2 Kc6 54. Rf6 Kc5 55. Kd2 a5 56. Rf8 Kb5 57. Rd8 Kc5 58. a4 Kc6 59. Rc8+ Kb6 60. Rxc4 1-0

[Event "*** Titled Tuesday Blitz"]
[Site "Chess.com"]
[Date "2021.04.06"]
[Round "5"]
[White "AttackSparrow"]
[Black "Godzillator"]
[Result "1/2-1/2"]
[WhiteElo "2528"]
[BlackElo "2301"]
[TimeControl "180+1"]
[EndTime "10:57:31 PDT"]
[Termination "Game drawn by repetition"]

1. e4 c6 2. d4 d5 3. exd5 cxd5 4.
c4 Nf6 5. Nc3 e6 6. Nf3 Bb4 7.
cxd5 Nxd5 8. Qc2 Nc6 9. Bd3 h6 10.
O-O O-O 11. Re1 Be7 12. a3 Bf6 13. Be3 Nxc3 14. bxc3 b6 15. Bh7+ Kh8 16. Be4 Bb7 17. Rad1 Rc8 18. d5 exd5 19. Bxd5 Qc7 20. Qe4 Bxc3 21.
Rf1 Na5 22. Rc1 Bxd5 23. Qxd5 Qb7 24. Qh5 Kg8 25. h3 Qe4 26. Qb5 Bf6 27. Rcd1 Nc4 28.
Bc1 Qc6 29. Qa6 Rc7 30. Bf4 Qb7 31. Qb5 Rc5 32. Qb4 Rfc8 33. Rfe1 Na5 34. Be5 Nc6 35. Qb2 Nxe5 36. Nxe5 Bxe5 37. Rxe5 Rxe5 38. Qxe5 a6 39.
Qf5 Qc6 40. Rd7 Rf8 41. Qd3 b5 42. Rd6 Qc1+ 43. Kh2 Qf4+ 44. Kg1 Rc8 45. Rd8+ Rxd8 46. Qxd8+ Kh7 47. Qd3+ g6 48. Qd7 Qf5 49. Qc6 a5 50. Qb7 Kg7 51. Qa7 b4 52. axb4 axb4 53. Qd4+ Qf6 54.
Qxb4 Qa1+ 55. Kh2 Qe5+ 56. g3 Qf6 57. Kg1 h5 58. h4 Qf3 59. Qd4+ Kh7 60. Qe5 Kg8 61.
Qe8+ Kh7 62. Qe5 Kg8 63. Qg5 Kh7 64. Qd2 Kg8 65. Qd4 Kh7 66. Qd8 Kg7 67. Qe8 Kh7 68. Qf8 Qf5 69. Kg2 Qe4+ 70. Kh2 Qf3 71. Kg1 Qf5 72. Qe7 Kg7 73. Qe3 Kh7 74. Qd4 Qf3 1/2-1/2

[Event "*** Titled Tuesday Blitz"]
[Site "Chess.com"]
[Date "2021.04.06"]
[Round "5"]
[White "northridgehawk"]
[Black "zurzan"]
[Result "1-0"]
[WhiteElo "2315"]
[BlackElo "1992"]
[TimeControl "180+1"]
[EndTime "10:57:31 PDT"]
[Termination "northridgehawk won on time"]

1. e4 Nf6 2. e5 Nd5 3. b3 d6 4. Bb2 dxe5 5. Bxe5 Nc6 6. Bb2 Bf5 7. Nf3 Nf6 8. Be2 e6 9. O-O Bd6 10. d4 O-O 11. h3 h6 12. a3 a6 13. c4 b6 14.
Ne5 Na5 15. Bf3 Be4 16. Nd2 Bxf3 17. Ndxf3 Bxe5 18. Nxe5 c5 19. dxc5 bxc5 20. Qc2 Qc7 21. Rad1 Rad8 22. Bc3 Nc6 23. Nd3 Nd4 24. Qb2 Rb8 25. Nxc5 Nxb3 26. Nxb3 Qxc4 27. Bb4 a5 28.
Nxa5 Qh4 29. Rfe1 Rfd8 30. Nb3 Rxd1 31. Rxd1 Ne4 32. Nd4 Qh5 33. Nf3 Ng5 34. Qe2 Nxh3+ 35. gxh3 Qxh3 36. Nh2 Qf5 37. Qg4 Qf6 38. Rd3 Rb5 39. Rg3 Rg5 40. Qf3 Qa1+ 41. Kg2 Rf5 42. Qc3 Qxc3 43. Bxc3 e5 44. Nf3 f6 45. Nh4 Rf4 46. Nf3 e4 47. Ne1 Kf7 48. Nc2 g5 49. Ne3 Ke6 50. Rg4 f5 51. Rxf4 gxf4 52. Nf1 h5 53. Bb4 Kd5 54. Nd2 Kd4 55. Nb3+ Kd3 56. Nc5+ Kc4 57. Ne6 1-0

[Event "*** Titled Tuesday Blitz"]
[Site "Chess.com"]
[Date "2021.04.06"]
[Round "5"]
[White "Andreikka"]
[Black "PolandHussars"]
[Result "1/2-1/2"]
[WhiteElo "2864"]
[BlackElo "2613"]
[TimeControl "180+1"]
[EndTime "10:57:32 PDT"]
[Termination "Game drawn by agreement"]

1. d4 Nf6 2. Nc3 d5 3. Bf4 c6 4. e3 Qb6 5. Qc1 Nh5 6. Bg5 h6 7.
Bh4 g5 8. Bg3 Nxg3 9. hxg3 Bg7 10. f4 Nd7 11. Nf3 gxf4 12. gxf4 Nf6 13. Bd3 Be6 14. Rh4 O-O-O 15. Ne5 Nd7 16. Nf3 Bf6 17. Rh2 Bg4 18. Ne2 Bxf3 19. gxf3 Kb8 20. c3 c5 21.
Kf2 Rc8 22. Qd2 cxd4 23. cxd4 h5 24. Rg1 h4 25. a3 e6 26. Rg4 a6 27. Qb4 Qxb4 28. axb4 Nb6 29. b3 Be7 30. Rg7 Rhf8 31. f5 Bf6 32. Rg4 Nd7 33. fxe6 fxe6 34. Nf4 Rc3 35. Bg6 Rxb3 36. Nxe6 Rc8 37. Nc5 Nxc5 38. bxc5 b6 39. Bf7 bxc5 40. Bxd5 Rb2+ 41. Kg1 Rxh2 42. Kxh2 cxd4 43. exd4 Rd8 44. Bc4 Rxd4 1/2-1/2

[Event "*** Titled Tuesday Blitz"]
[Site "Chess.com"]
[Date "2021.04.06"]
[Round "5"]
[White "Aslanov_Umid"]
[Black "CraiggoryC"]
[Result "1-0"]
[WhiteElo "2403"]
[BlackElo "2241"]
[TimeControl "180+1"]
[EndTime "10:57:32 PDT"]
[Termination "Aslanov_Umid won by resignation"]

1. e4 e6 2. d4 d5 3. Nd2 Be7 4. Ngf3 Nf6 5. e5 Nfd7 6. Bd3 c5 7. c3 Nc6 8. O-O a5 9. Re1 cxd4 10. cxd4 Qb6 11. Nf1 Nxd4 12. Ng3 g6 13. b3 O-O 14. Bb2 Nxf3+ 15. Qxf3 a4 16. Nh5 axb3 17. Nf6+ Nxf6 18. exf6 Bb4 19. Qf4 Re8 20. Re3 e5 21. Rxe5 Rxe5 22. Qxe5 Be6 23. a3 Bc5 24. Qf4 Re8 25. Re1 Qd6 26.
Qg5 d4 27. Re4 Bf5 28. Rxe8+ Qf8 29. Rxf8+ Bxf8 30. Bxf5 1-0

[Event "*** Titled Tuesday Blitz"]
[Site "Chess.com"]
[Date "2021.04.06"]
[Round "5"]
[White "ApoIogiA"]
[Black "DKmirl"]
[Result "1-0"]
[WhiteElo "2193"]
[BlackElo "1928"]
[TimeControl "180+1"]
[EndTime "10:57:32 PDT"]
[Termination "ApoIogiA won on time"]

1. d4 Nf6 2. c4 e6 3. Nc3 c5 4. d5 exd5 5. cxd5 d6 6. e4 g6 7. f3 Bg7 8. Nge2 O-O 9. Ng3 a6 10. a4 Nbd7 11. Be2 Ne5 12. O-O Bd7 13. h3 Be8 14. f4 Ned7 15. Be3 Nb6 16. Qb3 Qc7 17. Rad1 Rc8 18. e5 Nfd7 19. e6 Nf6 20. f5 Kh8 21. Nge4 Nxe4 22. Nxe4 Bxa4 23. Qd3 Bxd1 24. Bxd1 f6 25.
g4 Qe7 26. g5 fxg5 27. f6 Bxf6 28. Nxf6 Rxf6 29. Bd2 Rxf1+ 30. Qxf1 Rf8 31. Bc3+ Kg8 32. Qg2 Nc8 33. Bc2 1-0

[Event "*** Titled Tuesday Blitz"]
[Site "Chess.com"]
[Date "2021.04.06"]
[Round "5"]
[White "Dyadya81"]
[Black "BilodeauA"]
[Result "0-1"]
[WhiteElo "2724"]
[BlackElo "2908"]
[TimeControl "180+1"]
[EndTime "10:57:33 PDT"]
[Termination "BilodeauA won by resignation"]

1. e4 e5 2. Nf3 Nc6 3. Nc3 Nf6 4.
d4 exd4 5. Nxd4 Nxe4 6. Nxe4 Qe7 7. f3 d5 8. Bb5 Bd7 9. Bxc6 bxc6 10. Qe2 dxe4 11. Qxe4 Qxe4+ 12. fxe4 c5 13. Nf5 Bc6 14. O-O O-O-O 15. e5 Be4 16. Ng3 Bxc2 17. Rxf7 Bg6 18. Rf2 Rd5 19. Bf4 Be7 20. Raf1 c4 21. Kh1 Bc5 22.
Rd2 Bd3 23. Rc1 Rf8 24. Nh5 Rf5 25. b3 Rxh5 26. bxc4 Rd4 27. Be3 Rdh4 28. Bxc5 Rxh2+ 29. Kg1 Rh1+ 30. Kf2 Rxc1 31. Rxd3 Rxc4 32. Bxa7 Rxe5 33. Rd2 Ra4 34. Be3 Rea5 35. Kf3 Rxa2 36. Rd1 R2a3 37.
g4 Re5 0-1

[Event "*** Titled Tuesday Blitz"]
[Site "Chess.com"]
[Date "2021.04.06"]
[Round "5"]
[White "CzechmVIII"]
[Black "akanga001"]
[Result "1-0"]
[WhiteElo "2213"]
[BlackElo "2018"]
[TimeControl "180+1"]
[EndTime "10:57:33 PDT"]
[Termination "CzechmVIII won by resignation"]

1. e4 c6 2. d4 d5 3. e5 c5 4. c4 e6 5. Nf3 Nc6 6. cxd5 Nxd4 7. Nxd4 cxd4 8. Qxd4 Qxd5 9. Be3 Qxd4 10. Bxd4 Bb4+ 11.
Nc3 Ne7 12. f4 Nc6 13. Be3 Bd7 14. Be2 Na5 15. O-O b6 16. Nb5 O-O 17. a3 Be7 18.
Rfd1 Nb3 19. Rxd7 Nxa1 20. Rxe7 a6 21. Nd6 b5 22. Bf3 Rab8 23. Ba7 Rbd8 24. Bb6 Rb8 25. Bc7 Nb3 26. Bxb8 Rxb8 27. Re8+ Rxe8 28. Nxe8 Kf8 29. Nd6 Ke7 30. Bb7 f6 31. Bxa6 fxe5 32. fxe5 Nc5 33. Bxb5 Nb3 34. a4 Nd4 35. a5 Nxb5 36. Nxb5 Kd7 37. b4 Kc6 38. Nd6 Kd7 39. b5 1-0

[Event "*** Titled Tuesday Blitz"]
[Site "Chess.com"]
[Date "2021.04.06"]
[Round "5"]
[White "Chessdude1987"]
[Black "Tpros"]
[Result "0-1"]
[WhiteElo "2308"]
[BlackElo "2523"]
[TimeControl "180+1"]
[EndTime "10:57:34 PDT"]
[Termination "Tpros won by checkmate"]

1. e4 c5 2. Nc3 a6 3. Nf3 d6 4. d4 cxd4 5. Nxd4 g6 6. Bc4 Bg7 7. O-O Nf6 8. h3 O-O 9. a4 Bd7 10. Be3 Nc6 11. Nb3 Rc8 12. a5 Be6 13. Bd5 Bxd5 14.
exd5 Ne5 15. Na4 Nc4 16. Nb6 Nxe3 17. fxe3 Rc7 18. Qd3 Nd7 19. c3 Nxb6 20. axb6 Rc8 21. Ra4 Qxb6 22. Rb4 Qc7 23. Nd4 Be5 24. Nf3 Bf6 25.
h4 h5 26. g4 Qd7 27. gxh5 gxh5 28. Rf2 Kh8 29. Ng5 Bxg5 30. hxg5 Qh3 31. Rbf4 Rg8 32.
Qd4+ f6 33. Rg2 Rg6 34. Rh4 Qf3 35. Rf4 Qh3 36. Rh4 Qf3 37. Rxh5+ Qxh5 38. Rh2 Rxg5+ 39. Kh1 Rcg8 40. e4 Qxh2+ 41. Kxh2 Rh5# 0-1

[Event "*** Titled Tuesday Blitz"]
[Site "Chess.com"]
[Date "2021.04.06"]
[Round "5"]
[White "Chessbard1972"]
[Black "Rondo_Capriccioso"]
[Result "0-1"]
[WhiteElo "2327"]
[BlackElo "2481"]
[TimeControl "180+1"]
[EndTime "10:57:34 PDT"]
[Termination "Rondo_Capriccioso won by resignation"]

1. e4 c5 2. Nf3 d6 3. d4 cxd4 4.
Nxd4 Nf6 5. Nc3 a6 6. a4 g6 7.
Be2 Bg7 8. O-O Nc6 9. Nb3 O-O 10.
Kh1 Be6 11. Bg5 Rc8 12. f4 Na5 13. f5 Bc4 14. Bd3 Bxd3 15. cxd3 Nc6 16. a5 Ne5 17. Qd2 Qd7 18. h3 Rfe8 19. Bxf6 Bxf6 20. Nd5 Qb5 21. Nxf6+ exf6 22. Nc1 g5 23. Ra3 d5 24. Ne2 dxe4 25.
dxe4 Red8 26. Qe1 Rc2 27. Ng3 Qxb2 28. Nh5 Qxa3 29. Nxf6+ Kh8 30. Nd5 Rdc8 31. Kh2 Rc1 32. Qf2 Rxf1 33. Qxf1 Qb2 34. Ne3 Rc3 35. Qe1 Nf3+ 0-1

[Event "*** Titled Tuesday Blitz"]
[Site "Chess.com"]
[Date "2021.04.06"]
[Round "5"]
[White "Fighter008"]
[Black "German_Bazeev"]
[Result "1-0"]
[WhiteElo "2608"]
[BlackElo "2790"]
[TimeControl "180+1"]
[EndTime "10:57:35 PDT"]
[Termination "Fighter008 won by resignation"]

1. e4 c6 2. Nc3 d5 3. Nf3 dxe4 4. Nxe4 Nf6 5. Qe2 Bg4 6. Nxf6+ gxf6 7. h3 Bxf3 8. Qxf3 Qd5 9. Be2 Rg8 10. O-O Nd7 11. Qxd5 cxd5 12. d4 Rc8 13. c3 e6 14. a4 Bd6 15. Re1 f5 16. Bd3 Kd8 17. Bh6 Nf6 18. Bc1 Kd7 19. Kf1 f4 20. Bd2 Rg7 21.
Be2 Ne4 22. Bc1 Rcg8 23. Bf3 Ng5 24. Ke2 Nxf3 25. gxf3 Rg2 26. Bd2 f6 27. Rf1 e5 28.
Kd3 Ke6 29. Rae1 Kf5 30. b3 Re8 31. c4 e4+ 32. Kc2 e3 33. Kd3 Rh2 34. fxe3 fxe3 35. Rxe3 Rxd2+ 36. Kxd2 Bf4 37. Re1 Rg8 38. Kd3 Bxe3 39.
Rxe3 Rg3 40. cxd5 Rg8 41. Re7 Rd8 42. Rxb7 1-0

[Event "*** Titled Tuesday Blitz"]
[Site "Chess.com"]
[Date "2021.04.06"]
[Round "5"]
[White "Ginger_GM"]
[Black "schondeln"]
[Result "0-1"]
[WhiteElo "2537"]
[BlackElo "2388"]
[TimeControl "180+1"]
[EndTime "10:57:35 PDT"]
[Termination "schondeln won by resignation"]

1. d4 d5 2. c4 c6 3. Nc3 Nf6 4. Nf3 dxc4 5. e4 b5 6. e5 Nd5 7. a4 e6 8. Ng5 Be7 9. h4 h6 10.
Nge4 b4 11. Nb1 Ba6 12. Nbd2 c3 13. Nc4 cxb2 14. Bxb2 Bxc4 15. Bxc4 Nd7 16. Qg4 g6 17. h5 g5 18. O-O Qa5 19. Qf3 Rf8 20. Bb3 O-O-O 21.
Rfc1 Kb7 22. Nd2 N7b6 23. Qe4 Nc3 24. Bxc3 bxc3 25. Nc4 Nxc4 26. Bxc4 Kc7 27. Bb5 Rd5 28.
Bc4 Rdd8 29. Be2 Qd5 30. Qh7 Qxd4 31. Bf3 Qxe5 32. Rc2 Bb4 33. Rb1 a5 34. Re2 Qf5 35. Qxf5 exf5 36. Re5 Rfe8 37. Rxf5 c2 38. Rc1 Re1+ 39.
Rxe1 Bxe1 40. Rxf7+ Kb6 41. Rf6 c1=Q 0-1

[Event "*** Titled Tuesday Blitz"]
[Site "Chess.com"]
[Date "2021.04.06"]
[Round "5"]
[White "frenchpin"]
[Black "Ladislav1969"]
[Result "1-0"]
[WhiteElo "2515"]
[BlackElo "2348"]
[TimeControl "180+1"]
[EndTime "10:57:35 PDT"]
[Termination "frenchpin won on time"]

1. e4 c5 2. Nf3 e6 3. c3 Nf6 4. e5 Nd5 5. Bc4 Nc6 6. d4 cxd4 7. cxd4 d6 8. O-O Nb6 9. Bd3 dxe5 10. dxe5 Bd7 11. a3 Qc7 12. Qe2 Bc5 13. Nc3 Nd4 14. Nxd4 Bxd4 15. Nb5 Qxe5 16. Nxd4 Qxd4 17. Rd1 Qa4 18. Qh5 g6 19. Qe2 Qh4 20. g3 Qf6 21. Bf4 O-O 22. Be5 Qe7 23. Be4 Nd5 24. b4 a6 25. Bd4 Bc6 26. Bc5 Qf6 27. Bxf8 Rxf8 28. Rac1 Re8 29. Qd2 h5 30. h4 Qe5 31. Re1 Qf6 32. a4 Rd8 33. b5 axb5 34. axb5 Bxb5 35. Qa5 Bc6 36. Bg2 Re8 37. Rcd1 Qb2 38. Bxd5 exd5 39.
Rxe8+ Bxe8 40. Qxd5 Bc6 41. Qd8+ 1-0

[Event "*** Titled Tuesday Blitz"]
[Site "Chess.com"]
[Date "2021.04.06"]
[Round "5"]
[White "Omk124"]
[Black "onnoelgersma"]
[Result "1-0"]
[WhiteElo "2586"]
[BlackElo "2422"]
[TimeControl "180+1"]
[EndTime "10:57:36 PDT"]
[Termination "Omk124 won by resignation"]

1. e4 c5 2. Nf3 e6 3. d4 cxd4 4. Nxd4 Nc6 5. Nc3 a6 6. g3 h5 7. h3 Qc7 8. Bg2 Nf6 9. Be3 Ne5 10. O-O Nc4 11. Bc1 Bc5 12. Nb3 Ba7 13. Qe2 Qxg3 14. Kh1 Qc7 15. f4 Ng4 16. e5 Nge3 17. Bxe3 Nxe3 18.
Ne4 Nf5 19. Qd3 Qb6 20. Nbc5 h4 21. Rad1 O-O 22. b3 Rb8 23. Rfe1 Qc7 24. b4 a5 25.
Nxd7 Bxd7 26. Qxd7 Qxd7 27. Rxd7 axb4 28. Nd6 Ng3+ 29. Kh2 Bf2 30. Rd1 Rfd8 31. Nxb7 Rxd7 32. Rxd7 Ra8 33. Nd6 Rxa2 34. Nxf7 Ra1 35. Be4 Nf1+ 36.
Kg2 Ne3+ 37. Kxf2 1-0

[Event "*** Titled Tuesday Blitz"]
[Site "Chess.com"]
[Date "2021.04.06"]
[Round "5"]
[White "mamonika"]
[Black "Fraler15"]
[Result "0-1"]
[WhiteElo "2027"]
[BlackElo "2222"]
[TimeControl "180+1"]
[EndTime "10:57:36 PDT"]
[Termination "Fraler15 won on time"]

1. e4 c5 2. Nf3 e6 3. d4 cxd4 4. Nxd4 Nf6 5. Nc3 Nc6 6. Ndb5 Bc5 7. Bg5 a6 8. Nd6+ Ke7 9. Nc4 h6 10. Bh4 Re8 11. e5 g5 12. exf6+ Kf8 13. Qh5 Qxf6 14. Bg3 d5 15. Nd6 Rd8 16. Nce4 dxe4 17. Nxe4 Qxb2 18.
Qxh6+ Ke8 19. Qf6 Bb4+ 20. Ke2 Qxc2+ 21. Ke3 Bd2+ 22. Nxd2 Qxd2+ 23. Kf3 Nd4+ 24. Kg4 e5+ 25. Kh5 Bf5 26. Qxe5+ Be6 27. Bc4 Qc3 28. Bxe6 fxe6 29. Rac1 Qb4 30. Qh8+ Qf8 0-1

[Event "*** Titled Tuesday Blitz"]
[Site "Chess.com"]
[Date "2021.04.06"]
[Round "5"]
[White "joejan"]
[Black "freshfoodcompany"]
[Result "1-0"]
[WhiteElo "2291"]
[BlackElo "2413"]
[TimeControl "180+1"]
[EndTime "10:57:38 PDT"]
[Termination "joejan won on time"]

1. e4 c6 2. Nc3 d5 3. Nf3 dxe4 4. Nxe4 Nf6 5. Ng3 h5 6. h4 Bg4 7. Be2 e6 8. d4 Nbd7 9. c3 Bd6 10. Bg5 Bxg3 11.
fxg3 Qc7 12. Bf4 Qb6 13. Qc2 Nd5 14. O-O Nxf4 15. gxf4 O-O 16. Ne5 Nxe5 17. fxe5 Bxe2 18. Qxe2 c5 19. Rf4 cxd4 20. cxd4 Rad8 21. Rd1 Rd5 22.
Qxh5 f5 23. Qe2 Rfd8 24. Qf2 Rxe5 25. h5 Re4 26. Rxe4 fxe4 27. Qe3 e5 28. Qxe4 exd4 29. Rd3 Rc8 30. Qxd4 Rc1+ 31. Kh2 Qc7+ 32. Qd6 Qxd6+ 33.
Rxd6 Rc2 34. b4 Rxa2 35. Rd7 b6 36. Kh3 a6 37. Rd6 b5 38. g4 Rb2 39. Rxa6 Rxb4 40. Kh4 Rb1 41. g5 Kh7 42. Ra8 Rb4+ 43. Kg3 Rc4 44.
Ra7 Kg8 45. g6 Rc8 46. Rb7 Rf8 47. Rxb5 Kh8 48. Kg4 Kg8 49. Rb7 Rd8 50. Re7 1-0

[Event "*** Titled Tuesday Blitz"]
[Site "Chess.com"]
[Date "2021.04.06"]
[Round "5"]
[White "morte-negra"]
[Black "if_name_main_a"]
[Result "0-1"]
[WhiteElo "1948"]
[BlackElo "2335"]
[TimeControl "180+1"]
[EndTime "10:57:39 PDT"]
[Termination "if_name_main_a won on time"]

1. e4 e6 2. d4 d5 3. e5 c5 4. c3 Nc6 5. Nf3 Nge7 6. Na3 Nf5 7. Nc2 Be7 8. Bd3 cxd4 9. Bxf5 exf5 10. Ncxd4 Be6 11. O-O g5 12. Nxc6 bxc6 13. Nd4 Qd7 14.
Qh5 h6 15. a4 O-O-O 16. b4 g4 17. b5 c5 18. Nc6 Rdg8 19. Nxe7+ Qxe7 20. Bf4 Rg6 21. Rfb1 Kb7 22. a5 Qd8 23. f3 Rhg8 24. g3 d4 25. Rd1 d3 26. Be3 Qc7 27. fxg4 Qxe5 28. Rxd3 Rxg4 29. Rad1 Bc4 30. Rd7+ Kc8 31. Bf2 Bxb5 32.
Rxa7 Bc6 33. Qxf7 R4g7 34. Qc4 Rxa7 35. Bxc5 Rd7 36. Qxg8+ Kc7 0-1

[Event "*** Titled Tuesday Blitz"]
[Site "Chess.com"]
[Date "2021.04.06"]
[Round "5"]
[White "Aygehovit1992"]
[Black "Chopper1905"]
[Result "0-1"]
[WhiteElo "2651"]
[BlackElo "2947"]
[TimeControl "180+1"]
[EndTime "10:57:40 PDT"]
[Termination "Chopper1905 won on time"]

1. e4 c5 2. Nf3 Nc6 3. Bb5 e6 4. O-O Nge7 5. c3 a6 6. Ba4 b5 7. Bc2 Bb7 8. a4 Ng6 9. Na3 b4 10. Nc4 Na5 11. Nxa5 Qxa5 12. d4 cxd4 13. cxd4 Be7 14.
Qd3 O-O 15. Bd2 f5 16. exf5 Rxf5 17. Ne5 Qd5 18. Qg3 Nxe5 19. Bxf5 Nc4 20. Bh6 Qxd4 21.
Rad1 Qf6 22. Rxd7 Bd5 23. Rxd5 exd5 24. Be6+ Kh8 25. Bxd5 Rc8 26. Bxc4 Rxc4 27. Be3 Bd6 28. Qh3 h6 29. Rd1 Qxb2 30. Qe6 Qc2 0-1

[Event "*** Titled Tuesday Blitz"]
[Site "Chess.com"]
[Date "2021.04.06"]
[Round "5"]
[White "bilelou"]
[Black "dropstoneDP"]
[Result "1-0"]
[WhiteElo "2584"]
[BlackElo "2927"]
[TimeControl "180+1"]
[EndTime "10:57:40 PDT"]
[Termination "bilelou won on time"]

1. e4 Nc6 2. d4 d5 3. Nc3 dxe4 4. d5 Nb8 5. Bg5 Nf6 6. Qd2 c6 7. O-O-O Nxd5 8. Nxe4 Bf5 9. Ng3 Bg4 10. f3 Bd7 11.
Bc4 h6 12. Be3 e6 13. N1e2 Na6 14. Kb1 Bb4 15. c3 Be7 16. Nh5 Rg8 17. Nef4 Qc7 18.
Rhe1 O-O-O 19. Bxa6 bxa6 20. Nd3 c5 21. Ka1 Bb5 22. Qc2 Nxe3 23. Rxe3 Qxh2 24. c4 Bc6 25. Nhf4 Bg5 26. Re5 Bxf4 27. Rxc5 Rd6 28. Nb4 Rxd1+ 29.
Qxd1 Rd8 30. Rxc6+ Kb7 31. Nd5 Kxc6 32. Qa4+ Kd6 33. Qb4+ Ke5 34. Qc3+ Kf5 35. Ne7+ Kg5 36. Qxg7+ 1-0

[Event "*** Titled Tuesday Blitz"]
[Site "Chess.com"]
[Date "2021.04.06"]
[Round "5"]
[White "monikarozman"]
[Black "Keures"]
[Result "0-1"]
[WhiteElo "2208"]
[BlackElo "2357"]
[TimeControl "180+1"]
[EndTime "10:57:40 PDT"]
[Termination "Keures won on time"]

1. d4 Nf6 2. c4 e6 3. Nc3 Bb4 4.
e3 O-O 5. Ne2 Re8 6. a3 Bf8 7.
Ng3 d5 8. cxd5 exd5 9. Bd3 c5 10. O-O cxd4 11. exd4 h6 12. Bf4 Nc6 13. Bb5 Bd6 14.
Bxd6 Qxd6 15. Qd3 Bd7 16. Rad1 Ne7 17. Na4 b6 18. Nc3 Ng6 19. Nf5 Qb8 20. g3 Bxb5 21. Nxb5 Ne4 22. Nc3 Qb7 23. f3 Nxc3 24. Qxc3 Qd7 25.
Ne3 Rac8 26. Qd3 Re7 27. Nf5 Re6 28. Rfe1 Rce8 29. Rxe6 Qxe6 30. Kf2 Nf8 31. g4 Ng6 32. Ne3 Nf4 33. Qd2 Qf6 34. Re1 Qh4+ 35. Kf1 Qh3+ 36. Kf2 Qxh2+ 0-1

[Event "*** Titled Tuesday Blitz"]
[Site "Chess.com"]
[Date "2021.04.06"]
[Round "5"]
[White "jefferyx"]
[Black "dretch"]
[Result "1-0"]
[WhiteElo "2980"]
[BlackElo "2815"]
[TimeControl "180+1"]
[EndTime "10:57:42 PDT"]
[Termination "jefferyx won by resignation"]

1. e4 e6 2. d4 d5 3. exd5 exd5 4. Nf3 Bd6 5. c4 Nf6 6. c5 Be7 7. Bd3 O-O 8. O-O b6 9. Be3 bxc5 10. dxc5 Na6 11.
Bxa6 Bxa6 12. Re1 Re8 13. Nbd2 Qd7 14. Rc1 Bf8 15. h3 Qb5 16. Nb3 Rad8 17. Nfd4 Qa4 18.
Nd2 Qxd1 19. Rexd1 Rb8 20. b3 Ne4 21. Nxe4 dxe4 22.
Nc6 Rbc8 23. Nxa7 Ra8 24. Nc6 Bb5 25. Nb4 Reb8 26. Rd4 f5 27. Bf4 Rb7 28. c6 Rba7 29. a4 Be2 30. Nd5 Rc8 31. Bxc7 Ba3 32. Bb6 Rf7 33. Rc3 Bb2 34. c7 Bxc3 35. Nxc3 Ba6 36. Rd8+ Rf8 37. b4 Kf7 38. b5 Bb7 39. a5 Ke7 40. Bc5+ Ke6 41. Bxf8 Rxc7 42. a6 Bxa6 43. bxa6 Rxc3 44. a7 1-0

[Event "*** Titled Tuesday Blitz"]
[Site "Chess.com"]
[Date "2021.04.06"]
[Round "5"]
[White "esrosenberg"]
[Black "MIJuanReyesRosa"]
[Result "1-0"]
[WhiteElo "2211"]
[BlackElo "1980"]
[TimeControl "180+1"]
[EndTime "10:57:42 PDT"]
[Termination "esrosenberg won by checkmate"]

1. Nf3 d5 2. c4 e6 3. d4 c5 4. cxd5 exd5 5. Nc3 Nc6 6. g3 c4 7. Bg2 Bb4 8. O-O Nge7 9. e4 O-O 10. exd5 Nxd5 11.
Nxd5 Qxd5 12. a3 Ba5 13. Be3 Bf5 14. Nd2 Qd7 15. Nxc4 Bb6 16. d5 Na5 17. Nxb6 axb6 18. Bxb6 Nc4 19. Bd4 Nd6 20. Re1 Rac8 21. Rc1 h6 22. b4 Ra8 23. Re3 Nb5 24. Bc5 Rfe8 25. a4 Nd6 26. Bxd6 Qxd6 27. Rxe8+ Rxe8 28. b5 Ra8 29. Rc3 Bd7 30. h4 g6 31. Qd4 h5 32.
Re3 Bf5 33. Bf3 Rc8 34. Kg2 Rc1 35.
Re8+ Kh7 36. Qh8# 1-0

[Event "*** Titled Tuesday Blitz"]
[Site "Chess.com"]
[Date "2021.04.06"]
[Round "5"]
[White "TengisChess"]
[Black "Margency"]
[Result "0-1"]
[WhiteElo "2506"]
[BlackElo "2724"]
[TimeControl "180+1"]
[EndTime "10:57:43 PDT"]
[Termination "Margency won by resignation"]

1. e4 c5 2. Nf3 d6 3. Nc3 Nf6 4.
d4 cxd4 5. Nxd4 a6 6. Bg5 e6 7. f4 Qb6 8. Nb3 Nbd7 9. Bd3 Be7 10. Qe2 Qc7 11. O-O-O b5 12. Rhe1 b4 13. Nd5 exd5 14. exd5 Nb6 15. Bxf6 gxf6 16. Nd4 Nxd5 17. Be4 Nxf4 18. Bc6+ Kf8 19. Qd2 d5 20. Bxa8 Bg4 21.
Nc6 Bd6 22. Nxb4 Bxd1 23. Rxd1 Kg7 24. Bxd5 Bxb4 25. Qxb4 Rc8 26. Bb3 a5 27. Qe4 Rb8 28. g3 Ng6 29. Kb1 Ne5 30. Rf1 Rb4 31. Qf5 Qd6 32. a3 Rd4 33. a4 h6 34. h3 Rd1+ 35. Ka2 Rxf1 36. Qxf1 Qd4 37. g4 Qe3 38. c3 Nd3 39.
Qf5 Nc1+ 40. Ka3 Qe7+ 0-1

[Event "*** Titled Tuesday Blitz"]
[Site "Chess.com"]
[Date "2021.04.06"]
[Round "5"]
[White "anon481216"]
[Black "MasterMK73"]
[Result "0-1"]
[WhiteElo "2498"]
[BlackElo "2295"]
[TimeControl "180+1"]
[EndTime "10:57:43 PDT"]
[Termination "MasterMK73 won by checkmate"]

1. d4 d5 2. c4 e6 3. Nf3 c6 4.
Nc3 dxc4 5. a4 Bb4 6. e3 b5 7. Bd2 a5 8. Ne5 Nf6 9. axb5 Bxc3 10. Bxc3 cxb5 11. Qf3 Ra6 12. Qg3 O-O 13. Nxc4 Nc6 14. Ne5 Nxe5 15. Qxe5 Nd5 16. Bxb5 Nxc3 17. bxc3 Rd6 18.
c4 f6 19. Qg3 e5 20. d5 Ba6 21. Bxa6 Rxa6 22. O-O a4 23. Ra3 Qd6 24. Rfa1 Qb4 25. Qg4 f5 26. Qe2 Rc8 27. c5 Ra5 28. c6 Rxd5 29.
Rxa4 Qd6 30. Ra8 Qxc6 31. Rxc8+ Qxc8 32. Qa2 Qe6 33. Qa8+ Kf7 34. Ra7+ Kg6 35. h4 Rd6 36. Qf8 Qf6 37. Qe8+ Kh6 38. Rf7 Rd1+ 39. Kh2 Qxh4# 0-1